 Dungeon Sprint DCSS version 0.27-a0-538-g15ff5c5295 (webtiles) character file.

Game seed: 17640347891699512035

6223 mhtbhm the Severer (level 10, -3/156 HPs)
             Began as a Minotaur Fighter on Mar 6, 2021.
             Was the Champion of Trog.
             Slain by a phantasmal warrior (26 damage)
             ... in the Dungeon (Sprint VII: "The Pits").
             The game lasted 00:02:08 (1709 turns).

mhtbhm the Severer (Minotaur Fighter)               Turns: 1709, Time: 00:02:09

Health: -3/156     AC: 18    Str: 23    XL:     10   Next: 61%
Magic:  9/9        EV:  9    Int:  8    God:    Trog [******]
Gold:   0          SH: 14    Dex: 14    Spells: 9/9 levels left

rFire    . . .     SeeInvis .   a - +2 war axe (freeze)
rCold    . . .     Faith    .   c - +0 kite shield
rNeg     . . .     Spirit   .   b - +4 chain mail
rPois    .         Reflect  .   (helmet restricted)
rElec    .         Harm     .   q - +0 cloak
rCorr    .         Rampage  .   (no gloves)
Will     .....     NoTele   +   (no boots)
Stlth    ..........             (no amulet)
HPRegen  0.36/turn              m - +3 ring of dexterity
MPRegen  0.11/turn              n - +3 ring of intelligence

@: berserking, weak-willed, slowed
A: horns 2, retaliatory headbutt
a: Renounce Religion, Berserk, Trog's Hand, Brothers in Arms


You were in the Dungeon.
You worshipped Trog.
Trog was exalted by your worship.
You visited 1 branch

Inventory:

Hand Weapons
 a - a +2 war axe of freezing (weapon)
 p - the +7 great mace "Firestarter" {inner flame, rF++}
   (You found it in the Dungeon)

   It has been specially enchanted to burn those struck by it, causing extra
   injury to most foes and up to half again as much damage against particularly
   susceptible opponents.
   It greatly protects you from fire.
 r - the +10 executioner's axe of Gimyu {antimagic, Str+3}
   (Trog gifted it to you in the Dungeon)

   It reduces the magical energy of the wielder, and disrupts the spells and
   magical abilities of those hit.
   Natural abilities and divine invocations are not affected.
   It affects your strength (+3).
Armour
 b - a +4 chain mail (worn)
 c - a +0 kite shield (worn)
 q - a +0 cloak (worn)
Jewellery
 m - a +3 ring of dexterity (left hand)
 n - a +3 ring of intelligence (right hand)
Scrolls
 j - a scroll of blinking
 l - a scroll of summoning
Potions
 d - 3 potions of might
 e - 7 potions of curing
 f - 10 potions of heal wounds
 g - 3 potions of haste
 h - 4 potions of magic
 i - 3 potions of berserk rage
 k - 2 potions of invisibility
 o - 2 potions of mutation


   Skills:
 + Level 14.3 Fighting
 + Level 16.9 Axes
 + Level 14.0 Armour
 + Level 3.0 Dodging
 + Level 1.0 Stealth
 + Level 14.1 Shields


You had 9 spell levels left.
You didn't know any spells.
Your spell library was empty.

Dungeon Overview and Level Annotations

Branches:
Dungeon (1/1)

Altars:
Ashenzari
Cheibriados
Dithmenos
Elyvilon
Fedhas
Gozag
Hepliaklqana
Kikubaaqudgha
Makhleb
Nemelex Xobeh
Okawaru
Qazlal
Ru
Sif Muna
Trog
Uskayaw
Vehumet
Wu Jian
Xom
Yredelemnul
Zin
The Shining One
Beogh
Jiyva
Lugonu


Innate Abilities, Weirdness & Mutations

You have a pair of horns on your head.
You reflexively headbutt those who attack you in melee.


Message History

The wyvern bites you but does no damage.
Unknown command.
You slice the eidolon!! You freeze the eidolon.
You are no longer terrified.
You destroy the eidolon!
Trog accepts your kill. Something appears at your feet!
You see here a +2 battleaxe.
Trog grants you a weapon!
You barely miss the wyvern.
You hit the phantasmal warrior but do no damage.
The wyvern bites you!
* * * LOW HITPOINT WARNING * * *
The phantasmal warrior hits you but does no damage.
Your Fighting skill increases to level 14!
Your Armour skill increases to level 14!
Your Shields skill increases to level 14!
You slash the phantasmal warrior! You freeze the phantasmal warrior.
The phantasmal warrior is heavily damaged.
You barely miss the wyvern. You block the wyvern's attack.
You block the phantasmal warrior's attack.
Unknown command.
You closely miss the phantasmal warrior.
You headbutt the phantasmal warrior!
The phantasmal warrior is severely damaged.
You hit the wyvern. You freeze the wyvern.
You feel the power of Trog in you as your rage grows.
You kill the wyvern!
Trog accepts your kill.
Your Dodging skill increases to level 3!
Your Stealth skill increases to level 1!
Your chain mail prevents you from hitting the phantasmal warrior.
You headbutt the phantasmal warrior!
The phantasmal warrior is almost destroyed.
The phantasmal warrior hits you!!
* * * LOW HITPOINT WARNING * * *
You hit the phantasmal warrior.
You headbutt the phantasmal warrior, but do no damage.
The phantasmal warrior is almost destroyed.
The phantasmal warrior hits you!!
You die...

.......+ #......#
.......# ''######
''##### ###########
......# #.........#
......# #.......#
#.)..## ####[.W####
##))## ###..+.))@..#
#.)..###....##[##.....#
......#....##...##....#
......'.†..'.....+....+
......#....##...## ...#
#....###....##'## ...#
##''## ###..+...+ #..#
#÷)..# ####.)÷### ###
......# ##.......##


You could see a phantasmal warrior.

Vanquished Creatures
  An eidolon (D)
  A hydra (D)
  A shadow wraith (D)
  A phantasmal warrior (D)
  A merfolk siren (D)
  An orange demon (D)
  A smoke demon (D)
  An efreet (D)
  A demonic crawler (D)
  A troll (D)
  A jumping spider (D)
  A merfolk (D)
  A snapping turtle (D)
  A wraith (D)
  A shadow (D)
  A wyvern (D)
  A soldier ant (D)
  A water moccasin (D)
  An eye of draining (D)
  An orc warrior (D)
  A necrophage (D)
  A wolf (D)
  A black bear (D)
  An ogre (D)
  A centaur (D)
  A hound (D)
  3 orc priests (D)
  An orc wizard (D)
  A worker ant (D)
  An adder (D)
  2 oozes (D)
  A worm (D)
  A leopard gecko (D)
  7 orcs (D)
  A bat skeleton (D)
  A goblin (D)
  3 hobgoblins (D)
  3 jackals (D)
  A kobold (D)
  A ball python zombie (D)
  A leopard gecko zombie (D)
  A rat (D)
55 creatures vanquished.

Vanquished Creatures (others)
  An orc wizard (D)
  2 orcs (D)
3 creatures vanquished.

Grand Total: 58 creatures vanquished

Notes
Turn   | Place    | Note
-------+----------+-------------------------------------------
     0 | D        | mhtbhm the Minotaur Fighter began the quest for the Orb.
     0 | D        | Reached XP level 1. HP: 19/19 MP: 0/0
    20 | D        | Found a bloodstained altar of Trog.
    20 | D        | Found a shimmering blue altar of Sif Muna.
    20 | D        | Found a viscous altar of Jiyva.
    20 | D        | Found a hazy altar of Hepliaklqana.
    20 | D        | Found an opulent altar of Gozag.
    21 | D        | Found a glowing golden altar of the Shining One.
    21 | D        | Found a glowing silver altar of Zin.
    21 | D        | Found a basalt altar of Yredelemnul.
    21 | D        | Found a shimmering altar of Xom.
    21 | D        | Found an ornate altar of the Wu Jian Council.
    21 | D        | Found a sacrificial altar of Ru.
    21 | D        | Found a stormy altar of Qazlal.
    21 | D        | Found an iron altar of Okawaru.
    21 | D        | Found a sparkling altar of Nemelex Xobeh.
    21 | D        | Found a burning altar of Makhleb.
    21 | D        | Found a blossoming altar of Fedhas.
    21 | D        | Found a white marble altar of Elyvilon.
    21 | D        | Found a shadowy altar of Dithmenos.
    21 | D        | Found a snail-covered altar of Cheibriados.
    23 | D        | Found a radiant altar of Vehumet.
    23 | D        | Found a corrupted altar of Lugonu.
    25 | D        | Became a worshipper of Trog the Wrathful
    69 | D        | Reached * piety under Trog
    78 | D        | Noticed an orc wizard
    79 | D        | Noticed an orc priest
    79 | D        | Noticed an orc priest
    83 | D        | Killed an orc wizard
    83 | D        | Reached ** piety under Trog
    84 | D        | Reached skill level 5 in Fighting
    84 | D        | Reached skill level 3 in Axes
    84 | D        | Reached skill level 5 in Armour
    84 | D        | Reached skill level 5 in Shields
    84 | D        | Reached XP level 2. HP: 26/29 MP: 1/1
    84 | D        | Reached XP level 3. HP: 33/36 MP: 2/2
    86 | D        | Reached *** piety under Trog
    87 | D        | Reached skill level 4 in Axes
    89 | D        | Reached skill level 5 in Axes
    89 | D        | Reached XP level 4. HP: 41/45 MP: 3/3
   235 | D        | Noticed a necrophage
   242 | D        | Reached **** piety under Trog
   245 | D        | Killed a necrophage
   246 | D        | Reached skill level 7 in Axes
   246 | D        | Reached XP level 5. HP: 53/53 MP: 4/4
   260 | D        | Reached ***** piety under Trog
   267 | D        | Noticed a centaur
   270 | D        | Killed a centaur
   271 | D        | Reached skill level 8 in Axes
   271 | D        | Reached XP level 6. HP: 58/62 MP: 5/5
   272 | D        | Noticed an orange demon
   288 | D        | Killed an orange demon
   289 | D        | Reached skill level 10 in Axes
   289 | D        | Reached skill level 10 in Shields
   289 | D        | Reached XP level 7. HP: 45/71 MP: 6/6
   435 | D        | Received a gift from Trog
   436 | D        | Reached skill level 10 in Fighting
   436 | D        | Reached skill level 11 in Axes
   709 | D        | Noticed a troll
   717 | D        | Killed a shadow wraith
   718 | D        | Reached skill level 12 in Axes
   718 | D        | Reached skill level 10 in Armour
   718 | D        | Reached XP level 8. HP: 81/81 MP: 7/7
   725 | D        | Killed a troll
   726 | D        | Reached skill level 13 in Axes
   732 | D        | Found the +7 great mace "Firestarter" {inner flame, rF++}
   831 | D        | Found a hide-covered altar of Uskayaw.
   831 | D        | Found an ancient bone altar of Kikubaaqudgha.
   831 | D        | Found a broken altar of Ashenzari.
   860 | D        | Noticed a merfolk
   865 | D        | Received a gift from Trog
   871 | D        | Killed a merfolk
   871 | D        | Reached ****** piety under Trog
   872 | D        | Reached skill level 1 in Dodging
  1018 | D        | Noticed a merfolk siren
  1024 | D        | Killed a merfolk siren
  1025 | D        | Reached skill level 14 in Axes
  1025 | D        | Reached XP level 9. HP: 81/89 MP: 8/8
  1027 | D        | Identified the +10 executioner's axe of Gimyu {antimagic,
                  | Str+3} (Trog gifted it to you in the Dungeon)
  1027 | D        | Received a gift from Trog
  1234 | D        | Noticed a demonic crawler
  1244 | D        | Killed a demonic crawler
  1397 | D        | Noticed a jumping spider
  1398 | D        | Killed a jumping spider
  1418 | D        | Reached skill level 15 in Axes
  1424 | D        | Noticed a phantasmal warrior
  1431 | D        | Received a gift from Trog
  1435 | D        | Killed a phantasmal warrior
  1445 | D        | Noticed an eight-headed hydra
  1445 | D        | Noticed a smoke demon
  1445 | D        | Noticed an efreet
  1455 | D        | Killed a 13-headed hydra
  1456 | D        | Reached skill level 16 in Axes
  1456 | D        | Reached XP level 10. HP: 70/101 MP: 2/9
  1457 | D        | Killed a smoke demon
  1693 | D        | Noticed an eidolon
  1694 | D        | Noticed a phantasmal warrior
  1705 | D        | Killed an eidolon
  1705 | D        | Received a gift from Trog
  1708 | D        | Reached skill level 1 in Stealth
  1709 | D        | Slain by a phantasmal warrior

Illustrated notes

Levels and vault maps discovered:
D:        pitsprint [storerooms_1, entrance_room_1, metal_vault_2, armoury_3,
          mini_pit_1, grid_room_1, main_hall_1, silver_pit, the_coven_2,
          the_vestibule_1, steel_vault_1, golden_pit, hallway_of_sentries,
          crystal_vault_2, iron_vault_5, final_vault]

Skill      XL: |  1  2  3  4  5  6  7  8  9 10 |
---------------+-------------------------------+-----
Fighting       | 5 6 7 8 9 10 11 13 14 | 14.3
Armour         | 5 6 7 9 10 12 13 14 | 14.0
Shields        | 5 6 8 9 10 11 12 13 14 | 14.1
Axes           | 3 5 7 8 10 12 14 16 | 16.9
Dodging        | 1 2 3 |  3.0
Stealth        | 1 |  1.0

Action                   |  1- 3 |  4- 6 |  7- 9 | 10-12 || total
-------------------------+-------+-------+-------+-------++-------
Melee: Hand axe          |    15 |    34 |    25 |       ||    74
       Headbutt          |     5 |     7 |    31 |     7 ||    50
       War axe           |     1 |       |    61 |    20 ||    82
       Broad axe         |       |       |    15 |       ||    15
Invok: Berserk           |     1 |       |     3 |     1 ||     5
Armor: Scale mail        |     7 |       |       |       ||     7
       Plate armour      |       |    26 |     7 |       ||    33
       Chain mail        |       |       |    25 |     7 ||    32
Dodge: Dodged            |     5 |     4 |    31 |     5 ||    45
Block: Kite shield       |    11 |    15 |    45 |    10 ||    81

Table legend: (Time is in decaauts)
 A = Elapsed time spent in this place.
 B = Non-inter-level travel time spent in this place.
 C = Inter-level travel time spent in this place.
 D = Time resting spent in this place.
 E = Time spent auto-exploring this place.
 F = Levels seen in this place.
 G = Mean time per level.
                   A        B        C        D        E       F      G
               +--------+--------+--------+--------+--------+-----+--------+
         Total |   1720 |   1720 |      0 |   1200 |    102 |   1 | 1720.0 |
       Dungeon |   1720 |   1720 |      0 |   1200 |    102 |   1 | 1720.0 |
               +--------+--------+--------+--------+--------+-----+--------+

Top non-repeatable levels by time:
       D: 1720 daAuts
